 Dungeon Crawl Stone Soup version 0.20-a0-513-g02c11fc (webtiles) character file.

3414 Duffy the Nimble (level 9, 55/55 HPs)
             Began as a Deep Elf Conjurer on Jan 23, 2017.
             Was a Follower of Vehumet.
             Quit the game on level 7 of the Dungeon.
             The game lasted 00:12:37 (9570 turns).

Duffy the Nimble (Deep Elf Conjurer)                Turns: 9570, Time: 00:12:37

Health: 55/55      AC:  3    Str:  7    XL:     9   Next: 76%
Magic:  21/21      EV: 25    Int: 24    God:    Vehumet [*.....]
Gold:   369        SH:  4    Dex: 20    Spells: 10/22 levels left

rFire    . . .     SeeInvis .   (no weapon)
rCold    . . .     Gourm    .   a - +0 robe
rNeg     . . .     Faith    .   (no shield)
rPois    .         Spirit   .   (no helmet)
rElec    .         Reflect  +   B - +0 cloak
rCorr    .         Harm     .   (no gloves)
MR       .....                  (no boots)
Stlth    +++.......             p - +4 amulet of reflection
Regen    0.2/turn               (no ring)
                                (no ring)

@: agile
A: strong 1, wild magic 1, evolution 1
a: Renounce Religion


You were on level 7 of the Dungeon.
You worshipped Vehumet.
Vehumet was aware of your devotion.
You were not hungry.

You visited 2 branches of the dungeon, and saw 8 of its levels.
You also visited: Bailey.

You collected 369 gold pieces.

Inventory:

Armour
 a - a +0 robe (worn)
 B - a +0 cloak (worn)
Jewellery
 n - an uncursed amulet of regeneration
 p - a +4 amulet of reflection (around neck)
 x - an uncursed ring of ice
Wands
 G - a wand of lightning (3/15)
Scrolls
 d - a scroll of teleportation
 e - 2 scrolls of remove curse
 h - 2 scrolls of magic mapping
 k - a scroll of random uselessness {unknown}
 m - a scroll of fear {unknown}
 r - 3 scrolls of enchant weapon
 t - a scroll of enchant armour {unknown}
 w - a scroll of fog {unknown}
 y - a scroll of vulnerability
 A - a scroll of torment {unknown}
 C - a scroll of immolation {unknown}
Potions
 f - a potion of curing {unknown}
 g - 2 potions of cure mutation {unknown}
 j - a potion of invisibility {unknown}
 q - a potion of agility
 s - a potion of resistance
 u - a potion of haste
 E - a potion of magic
 F - a potion of ambrosia
 H - a potion of lignification
 I - a potion of might
Books
 b - a book of Conjurations

   Spells                             Type                      Level
   a - Magic Dart                     Conjuration                  1
   b - Searing Ray                    Conjuration                  2
   c - Dazzling Spray                 Conjuration/Hexes            3
   d - Fulminant Prism                Conjuration/Hexes            4
   e - Iskenderun's Mystic Blast      Conjuration                  4
   f - Iskenderun's Battlesphere      Conjuration/Charms           5
 z - a book of Clouds

   Spells                             Type                      Level
   a - Poisonous Vapours              Poison/Air                   2
   b - Mephitic Cloud                 Conjuration/Poison/Air       3
   c - Conjure Flame                  Conjuration/Fire             3
   d - Freezing Cloud                 Conjuration/Ice/Air          6
   e - Ring of Flames                 Charms/Fire                  7
Comestibles
 c - 8 bread rations
 i - 2 royal jellies
 l - 5 meat rations


   Skills:
 + Level 6.1 Fighting
 + Level 9.3 Dodging
 - Level 2.4 Stealth
 - Level 7.2 Spellcasting
 - Level 8.5 Conjurations
 - Level 5.0 Charms


You had 10 spell levels left.
You knew the following spells:

 Your Spells              Type           Power        Failure   Level  Hunger
a - Magic Dart            Conj           ####         1%          1    None
h - Iskenderun's Mystic   Conj           ######..     4%          4    ###....
i - Iskenderun's Battles  Conj/Chrm      ######..     21%         5    #####..
s - Searing Ray           Conj           ######       1%          2    None


Dungeon Overview and Level Annotations

Branches:
Dungeon (7/15)             Temple (1/1) D:5

Altars:
Ashenzari
Cheibriados
Dithmenos
Elyvilon
Fedhas
Gozag
Hepliaklqana
Kikubaaqudgha
Makhleb
Nemelex Xobeh
Okawaru
Qazlal
Ru
Sif Muna
Trog
Uskayaw
Vehumet
Xom
Yredelemnul
Zin
The Shining One

Shops:
D:4 :

Annotations:
D:2 Terence
D:3 exclusion: upstairs
D:4 exclusion: oklob plant


Innate Abilities, Weirdness & Mutations

Your muscles are strong. (Str +2)
Your spells are a little harder to cast, but a little more powerful.
You evolve.


Message History

F - a potion of ambrosia
As you read the scroll of identify, it crumbles to dust.
E - a potion of magic
As you read the scroll labeled FOT QU TEICKUCH, it crumbles to dust.
Magic quickly surges around you.
It was a scroll of vulnerability.
Okay, then.
It was a potion of heal wounds.
You feel much better.
It was a potion of agility.
You feel agile all of a sudden.
It was a potion of mutation.
You feel extremely strange.
You feel less in control of your magic. A pair of antennae grows on your head!
You feel nature experimenting on you.
Don't worry, failures die fast.
Okay, then.
You feel extremely strange. The antennae on your head shrink away.
You feel stronger.
You start waiting.
You feel less vulnerable to hostile enchantments.
All of the chunks of flesh in your inventory have rotted away.
Okay, then.
Are you sure you want to abandon this character and quit the game? (Confirm with "yes".)

########
#......#
#......#
#..@...#
####[.##
######..##
#........#
#........#
#...######
##..##..##
#........#
#...##...#


There were no monsters in sight!

Vanquished Creatures
  An orc knight (Bailey)
  Prince Ribbit (D:7)
  A hippogriff (D:7)
  A sky beast (D:7)
  7 orc warriors
  2 phantoms
  2 ogres
  A centaur (D:5)
  3 bullfrogs
  2 scorpions (D:6)
  3 killer bees (D:7)
  A water moccasin skeleton (D:5)
  3 howler monkeys
  2 crimson imps (D:5)
  A centaur zombie (D:6)
  A quasit (D:5)
  A bullfrog zombie (D:5)
  A bullfrog skeleton (D:5)
  2 orc priests (D:7)
  A jelly (D:7)
  4 orc wizards
  7 worker ants
  Ijyb (D:2)
  A hound zombie (D:6)
  9 adders
  An ooze (D:2)
  3 adder skeletons
  4 worms
  5 dart slugs
  4 leopard geckos
  31 orcs
  8 bats
  6 giant cockroaches
  10 goblins
  15 hobgoblins
  7 jackals (D:1)
  5 quokkas
  3 frilled lizards
  A giant cockroach zombie (D:5)
  A jackal skeleton (D:6)
  26 kobolds
  A leopard gecko skeleton (D:5)
  A quokka zombie (D:7)
  11 rats
202 creatures vanquished.

Vanquished Creatures (others)
  An orc (D:6)
  A giant cockroach (D:6)
  A kobold (Bailey)
  A quokka (D:6)
4 creatures vanquished.

Grand Total: 206 creatures vanquished

Notes
Turn   | Place    | Note
-------+----------+-------------------------------------------
     0 | D:1      | Duffy the Deep Elf Conjurer began the quest for the Orb.
     0 | D:1      | Reached XP level 1. HP: 10/10 MP: 6/6
     9 | D:1      | You fall through a shaft!
   169 | D:2      | Noticed Terence
   268 | D:2      | Reached XP level 2. HP: 15/15 MP: 5/8
   272 | D:2      | Learned a level 2 spell: Searing Ray
   395 | D:2      | Reached skill level 5 in Conjurations
   536 | D:1      | Reached XP level 3. HP: 19/19 MP: 6/10
  1353 | D:2      | Noticed Ijyb
  1395 | D:2      | Killed Ijyb
  1395 | D:2      | Reached XP level 4. HP: 15/24 MP: 2/12
  1538 | D:2      | Learned a level 4 spell: Iskenderun's Mystic Blast
  1950 | D:2      | Reached skill level 5 in Spellcasting
  2540 | D:3      | Reached XP level 5. HP: 28/28 MP: 5/14
  2547 | D:3      | Learned a level 5 spell: Iskenderun's Battlesphere
  3356 | D:3      | Reached skill level 1 in Charms
  3489 | D:4      | Reached XP level 6. HP: 32/32 MP: 11/16
  3520 | D:4      | Found a hide-covered altar of Uskayaw.
  3536 | D:4      | Found Qetityaq's Book Shop.
  3587 | D:4      | Noticed a hand axe
  3736 | D:4      | Noticed a hand axe
  3966 | D:4      | Found a blossoming altar of Fedhas.
  4052 | D:4      | Noticed an oklob plant
  4296 | D:4      | Reached XP level 7. HP: 22/36 MP: 4/18
  4528 | D:5      | Entered Level 5 of the Dungeon
  5264 | D:5      | Reached skill level 5 in Charms
  5508 | D:5      | Reached XP level 8. HP: 42/42 MP: 11/20
  5717 | D:5      | Reached skill level 1 in Fighting
  5717 | D:5      | Reached skill level 3 in Dodging
  5816 | D:5      | Found a staircase to the Ecumenical Temple.
  5819 | Temple   | Entered the Ecumenical Temple
  6068 | Temple   | Became a worshipper of Vehumet
  6189 | D:6      | Found a sparkling altar of Nemelex Xobeh.
  6308 | D:6      | Found a bloodstained altar of Trog.
  6493 | D:6      | Reached skill level 4 in Dodging
  7203 | D:6      | Found a white marble altar of Elyvilon.
  7388 | D:6      | Reached skill level 5 in Dodging
  7466 | D:7      | Noticed a hippogriff
  7472 | D:7      | Killed a hippogriff
  7537 | D:7      | Reached skill level 6 in Dodging
  7638 | D:7      | Found a glowing golden altar of the Shining One.
  7673 | D:7      | Noticed Prince Ribbit
  7673 | D:7      | Reached * piety under Vehumet
  7673 | D:7      | Offered knowledge of Shock by Vehumet.
  7678 | D:7      | Killed Prince Ribbit
  7678 | D:7      | Reached XP level 9. HP: 46/52 MP: 6/21
  7714 | D:7      | Reached skill level 7 in Dodging
  7823 | D:7      | Found a flagged portal.
  7831 | Bailey   | Entered a bailey
  7879 | Bailey   | Noticed an orc knight
  8507 | Bailey   | Reached skill level 5 in Fighting
  8644 | Bailey   | Reached skill level 8 in Dodging
  8785 | Bailey   | Killed an orc knight
  8924 | D:7      | Reached skill level 9 in Dodging
  9533 | D:7      | Gained mutation: Your spells are a little harder to cast, but a little more powerful. [potion of mutation]
  9533 | D:7      | Gained mutation: You have a pair of small antennae on your head. [potion of mutation]
  9533 | D:7      | Gained mutation: You evolve. [potion of mutation]
  9534 | D:7      | Lost mutation: You have a pair of small antennae on your head. [potion of mutation]
  9534 | D:7      | Gained mutation: Your muscles are strong. (Str +2) [potion of mutation]
  9570 | D:7      | Quit the game

Vault maps used:
D:1:      minmay_arrival_open_corners
D:2:      uniq_iyjb, uniq_terence
D:3:      item_on_display_a
D:4:      dancing_weapons_uskayaw, tgw_fedhas, first_bread, serial_shops, shop
D:6:      nicolae_overflow_crystal_walls, overflow_temple_1_default,
          elyvilon_altar_4, minivault_26, lightli_orcish_oven
D:7:      kennysheep_little_box, enter_bailey_2, uniq_prince_ribbit1
Temple:   regret_index_temple_generic_petals
Bailey:   bailey_axe_1, bailey

Skill      XL: |  1  2  3  4  5  6  7  8  9 |
---------------+----------------------------+-----
Conjurations   | 5 6 7 8 |  8.5
Spellcasting   | 4 5 6 7 |  7.2
Charms         | 2 3 5 |  5.0
Fighting       | 4 6 |  6.1
Dodging        | 6 9 |  9.3
Stealth        | |  2.4

Action                   |  1- 3 |  4- 6 |  7- 9 || total
-------------------------+-------+-------+-------++-------
Melee: Unarmed           |       |       |     1 ||     1
 Cast: Magic Dart        |    79 |   132 |   248 ||   459
       Searing Ray       |     4 |    15 |    15 ||    34
       Iskenderun's Myst |       |       |    18 ||    18
       Iskenderun's Batt |       |       |    20 ||    20
  Use: Scroll            |       |       |    10 ||    10
       Potion            |       |       |     4 ||     4
  Eat: Chunk             |     1 |     9 |    14 ||    24
       Bread ration      |       |       |     2 ||     2
Armor: Robe              |     1 |     1 |     5 ||     7
Dodge: Dodged            |    13 |    11 |    59 ||    83
Block: Other             |       |     1 |     9 ||    10
       Reflection        |       |       |     3 ||     3
